 Dungeon Crawl Stone Soup version 0.32-a0-699-g1ee5eff69a (webtiles) character file.

Game seed: 5527231928192274486

1007 cforsyth the Chopper (level 8, -3/69 HPs)
             Began as a Mountain Dwarf Cinder Acolyte on Mar 14, 2024.
             Was a High Priest of Ignis.
             Slain by a vampire (8 damage)
             ... on level 6 of the Dungeon.
             The game lasted 00:09:45 (6567 turns).

cforsyth the Chopper (MDCA)                         Turns: 6567, Time: 00:09:45

Health: -3/69      AC: 13    Str: 16    XL:     8   Next: 0%
Magic:  3/13       EV:  8    Int: 18    God:    Ignis [*****.]
Gold:   127        SH:  0    Dex:  5    Spells: 11/13 levels left

rFire   + . .        b - +2 hand axe (freeze)
rCold   . . .        (no shield)
rNeg    + . .        k - +5 scale mail of Mutualism {rN+}
rPois   .            (no helmet)
rElec   .            r - +0 cloak
rCorr   .            (no gloves)
SInv    .            (no boots)
Will    .....        q - amulet of the acrobat Stlth
                     (no ring)
HPRegen 0.31/turn    (no ring)
MPRegen 0.13/turn

%: acrobat
@: mighty
A: runic magic, artefact enchanting
a: Renounce Religion, Fiery Armour, Foxfire Swarm, Rising Flame


You were on level 6 of the Dungeon.
You worshipped Ignis.
Ignis was extremely pleased with you.
You visited 1 branch of the dungeon, and saw 6 of its levels.

You collected 298 gold pieces.
You spent 171 gold pieces at shops.


Innate Abilities, Weirdness & Mutations

Your spellcasting is much less encumbered by armour.
You can use scrolls of enchantment on lesser artefacts.


   Skills:
 + Level 5.5 Fighting
 + Level 6.1 Axes
 + Level 4.3 Armour
 + Level 3.3 Spellcasting
 + Level 6.1 Fire Magic


You had 11 spell levels left.
You knew the following spells:

 Your Spells              Type           Power      Damage    Failure   Level
X - Scorch                Fire           50%        2d7       2%          2

Your spell library contained the following spells:

 Spells                   Type           Power      Damage    Failure   Level
 Apportation              Tloc           6%         N/A       22%         1
 Necrotise                Necr           12%        1d4       22%         1
 Sting                    Conj/Alch      12%        1d3       22%         1
 Summon Small Mammal      Summ           12%        N/A       22%         1
 Fugue of the Fallen      Necr           3%         N/A       54%         3
 Ozocubu's Armour         Ice            3%         N/A       54%         3
 Tukima's Dance           Hex            3%         N/A       54%         3
 Manifold Assault         Tloc           3%         N/A       91%         4
 Passage of Golubria      Tloc           3%         N/A       91%         4
 Yara's Violent Unravell  Hex/Alch       1%         3d3       99%         5

Inventory:

Hand Weapons
 b - a +2 hand axe of freezing (weapon)
Armour
 k - the +5 scale mail of Mutualism (worn) {rN+}
   (You found it on level 2 of the Dungeon)

   rN+:       It protects you from negative energy.
 r - a +0 cloak (worn)
 v - the +1 pair of boots of a wizard's laboratory {-Tele rElec rC+ Str+3}
   (You bought it in a shop on level 5 of the Dungeon)

   Str+3:     It affects your strength (+3).
   rC+:       It protects you from cold.
   rElec:     It insulates you from electricity.
   -Tele:     It prevents most forms of teleportation.
Jewellery
 q - an amulet of the acrobat (around neck)
Scrolls
 d - a scroll of amnesia {unknown}
 e - a scroll of enchant armour {unknown}
 f - a scroll of vulnerability {unknown}
 i - 3 scrolls of teleportation {@r2}
 j - 2 scrolls of enchant weapon {unknown}
 l - a scroll of noise {unknown}
 n - a scroll of immolation {unknown}
 s - 2 scrolls of identify {@r1}
 u - a scroll of fog {unknown}
 w - 3 scrolls of blinking
 y - a scroll of fear {unknown}
Potions
 a - a potion of mutation
 c - 7 potions of curing {@q1}
 g - 5 potions of haste {@q3}
 h - 3 potions of ambrosia
 o - a potion of lignification {unknown}
 p - a potion of invisibility {unknown}
 t - a potion of resistance {unknown}
 x - a potion of brilliance {unknown}

Dungeon Overview and Level Annotations

Branches:
Dungeon (6/15)             Temple (0/1) D:4

Altars:
Makhleb
Nemelex Xobeh
Okawaru
Sif Muna
Trog
Uskayaw
Zin

Shops:
D:2 =   D:5 [

Annotations:
D:5 Duvessa

#.# .##
#.#.###.#......# #
###.#
#.###.#........###.###
#...# #..........(#o.#
#.... #.###
#.###.#######V.###.###
#.# #.##[..####
#<.....# #.#
............# #.######
#.# ###.##...##.###.#
#.########
#.....{.....รท.###
#........#
#####@###.......######
########.# #.#
#######....... #.# #.#
######## #.# #.#
#.#######.#
#..[......#
###########


There were no monsters in sight!


Message History

Something draws strength from your injuries!
You barely miss something. Something hits you but does no damage.
Something bites you but does no damage.
You miss something. Something hits you but does no damage. Something bites you.
* * * LOW HITPOINT WARNING * * *
Something draws strength from your injuries!
Unknown command.
You hit something but do no damage. Something hits you but does no damage.
Something bites you.
* * * LOW HITPOINT WARNING * * *
You closely miss something. Something hits you.
* * * LOW HITPOINT WARNING * * *
Something bites you but does no damage.
Unknown command.
You closely miss something. Something hits you but does no damage.
Something bites you!
* * * LOW HITPOINT WARNING * * *
Something draws strength from your injuries!
You hit something but do no damage. Something draws life force from you.
* * * LOW HITPOINT WARNING * * *
Unknown command.
You miss something. Something hits you but does no damage. Something bites you!
* * * LOW HITPOINT WARNING * * *
Something draws strength from your injuries!
Unknown command.
You barely miss something. Something hits you but does no damage.
Something bites you but does no damage.
You barely miss something. Something hits you!
You die...
Ignis goes out, and joins you in death.

Skill      XL: |  1  2  3  4  5  6  7 |
---------------+----------------------+-----
Armour         | 1 2 3 4 |  4.3
Axes           | 4 5 6 |  6.1
Fire Magic     | 4 5 6 |  6.1
Fighting       | 4 5 |  5.5
Spellcasting   | 2 3 |  3.3

Action                     |  1- 3 |  4- 6 |  7- 9 || total
---------------------------+-------+-------+-------++-------
  Melee: Hand axe          |    48 |    21 |    15 ||    84
   Cast: Scorch            |    35 |    45 |    72 ||   152
    Use: Scroll            |       |     6 |     3 ||     9
         Potion            |       |       |     1 ||     1
 Armour: Robe              |    27 |       |       ||    27
         Scale mail        |    17 |    34 |    47 ||    98
  Dodge: Dodged            |    30 |    19 |    22 ||    71

Levels and vault maps discovered:
D:1:      minmay_arrival_stair_chambers, layout_loops_ring
D:2:      layout_loops_ring, serial_shops, nicolae_shop_real_fake_doors
D:3:      layout_rooms, lemuel_coloured_pillars_altar
D:4:      layout_cave_pods, trog_butcher_becter, minmay_temple_entry_ruins,
          minmay_joined_circles
D:5:      layout_gridville, grunt_temple_overflow_diamond, serial_shops, shop,
          uniq_duvessa
D:6:      layout_loops_ring, lemuel_doored_altar, kennysheep_mini_moat,
          sigmund_edmund_badplayer, uniq_pikel

Notes
Turn   | Place    | Note
-------+----------+-------------------------------------------
     0 | D:1      | cforsyth the Mountain Dwarf Cinder Acolyte began the quest
                  | for the Orb.
     0 | D:1      | Reached XP level 1. HP: 19/19 MP: 2/2
   230 | D:1      | Reached XP level 2. HP: 25/26 MP: 3/3
   364 | D:1      | Learned a level 2 spell: Scorch
   998 | D:2      | Reached skill level 1 in Armour
  1084 | D:2      | Reached skill level 4 in Axes
  1135 | D:2      | Identified the +5 scale mail of Mutualism {rN+}
  1179 | D:2      | Reached skill level 4 in Fire Magic
  1307 | D:2      | Reached XP level 3. HP: 31/31 MP: 1/5
  1730 | D:2      | Found Ucvafumi's Jewellery Shoppe.
  2286 | D:3      | Reached XP level 4. HP: 40/40 MP: 2/6
  2517 | D:3      | Found a hide-covered altar of Uskayaw.
  2702 | D:4      | Found a bloodstained altar of Trog.
  2727 | D:4      | Reached skill level 4 in Fighting
  2727 | D:4      | Reached skill level 2 in Armour
  2848 | D:4      | Reached skill level 2 in Spellcasting
  2848 | D:4      | Reached XP level 5. HP: 46/46 MP: 0/8
  3100 | D:4      | Noticed a black bear
  3358 | D:4      | Killed a black bear
  3359 | D:4      | Reached XP level 6. HP: 53/53 MP: 0/9
  3539 | D:4      | Found a staircase to the Ecumenical Temple.
  3773 | D:3      | Reached skill level 5 in Axes
  3773 | D:3      | Reached skill level 5 in Fire Magic
  3858 | D:3      | Reached skill level 3 in Armour
  4012 | D:4      | Reached XP level 7. HP: 54/60 MP: 1/11
  4435 | D:5      | Entered Level 5 of the Dungeon
  4636 | D:5      | Reached skill level 5 in Fighting
  4867 | D:5      | Reached skill level 3 in Spellcasting
  5116 | D:5      | Found a shimmering blue altar of Sif Muna.
  5119 | D:5      | Found a sparkling altar of Nemelex Xobeh.
  5123 | D:5      | Found an iron altar of Okawaru.
  5146 | D:5      | Found Zoerhul's Antique Armour Emporium.
  5151 | D:5      | Bought a pair of faintly humming boots for 171 gold pieces
  5151 | D:5      | Identified the +1 pair of boots of a wizard's laboratory
                  | {-Tele rElec rC+ Str+3} (You bought it in a shop on level 5
                  | of the Dungeon)
  5346 | D:5      | Noticed Dowan
  5379 | D:5      | Killed Dowan
  5380 | D:5      | Reached skill level 4 in Armour
  5591 | D:5      | Reached skill level 6 in Axes
  5591 | D:5      | Reached skill level 6 in Fire Magic
  5691 | D:5      | Noticed Duvessa
  6111 | D:6      | Reached XP level 8. HP: 66/69 MP: 2/13
  6414 | D:6      | Found a burning altar of Makhleb.
  6460 | D:6      | Found a glowing silver altar of Zin.
  6565 | D:6      | HP: 4/69 [something (8)]
  6567 | D:6      | Slain by a vampire

Vanquished Creatures
  A black bear (D:4)
  A lemure (D:6)
  A bullfrog (D:3)
  4 scorpions
  Dowan (D:5)
  5 hounds
  4 bombardier beetles
  An orc priest (D:4)
  2 iguanas
  2 orc wizards
  4 adders
  A white imp (D:5)
  2 ufetubi (D:5)
  2 ribbon worms
  A dart slug (D:2)
  12 orcs
  4 endoplasms
  3 giant cockroaches
  10 goblins
  5 hobgoblins
  6 jackals
  8 kobolds
  3 quokkas
  7 ball pythons
  7 bats
  2 frilled lizards (D:2)
  6 rats
105 creatures vanquished.

Table legend: (Time is in decaauts)
 A = Elapsed time spent in this place.
 B = Non-inter-level travel time spent in this place.
 C = Inter-level travel time spent in this place.
 D = Time resting spent in this place.
 E = Time spent auto-exploring this place.
 F = Levels seen in this place.
 G = Mean time per level.
                   A        B        C        D        E       F      G
               +--------+--------+--------+--------+--------+-----+--------+
         Total |   6581 |   6496 |     85 |   1088 |   4390 |   6 | 1096.8 |
       Dungeon |   6581 |   6496 |     85 |   1088 |   4390 |   6 | 1096.8 |
               +--------+--------+--------+--------+--------+-----+--------+

Top non-repeatable levels by time:
     D:4: 1522 daAuts
     D:5: 1479 daAuts
     D:2: 1174 daAuts
     D:1: 993 daAuts
     D:3: 825 daAuts
     D:6: 586 daAuts

Table legend:
 A = Non-vault XP
 B = Vault XP
 C = Vault XP percentage of total XP
 D = Non-vault monster count
 E = Vault monster count
 F = Vault count percentage of total count
                 A         B        C        D         E       F
            +---------+---------+-------+---------+---------+-------
      Total |     976 |     463 |  32.2 |      87 |      17 |  16.3
            +---------+---------+-------+---------+---------+-------
        D:1 |      28 |       0 |   0.0 |      18 |       0 |   0.0
        D:2 |      52 |       0 |   0.0 |      24 |       0 |   0.0
        D:3 |      64 |     123 |  65.8 |      12 |       3 |  20.0
        D:4 |     242 |     268 |  52.5 |      13 |      13 |  50.0
        D:5 |     426 |      72 |  14.5 |      15 |       1 |   6.2
        D:6 |     164 |       0 |   0.0 |       5 |       0 |   0.0
            +---------+---------+-------+---------+---------+-------
